 Dungeon Crawl Stone Soup version 0.25-a0-1130-g3926558f3a (webtiles) character file.

Game seed: 2285062159545435952, levelgen mode: deterministic

2174 kae the Carver (level 9, -4/72 HPs)
             Began as a Formicid Abyssal Knight on May 19, 2020.
             Was a Priest of Lugonu.
             Slain by an orc warrior
             ... wielding a +0 trident
              (6 damage)
             ... on level 7 of the Dungeon.
             The game lasted 00:07:00 (9840 turns).

kae the Carver (Formicid Abyssal Knight)            Turns: 9840, Time: 00:07:00

Health: -4/72      AC: 16    Str: 20    XL:     9   Next: 58%
Magic:  14/14      EV:  6    Int: 16    God:    Lugonu [***...]
Gold:   270        SH:  0    Dex: 10    Spells: 8/8 levels left

rFire    . . .     SeeInvis +   a - +1 falchion
rCold    . . .     Gourm    .   (no shield)
rNeg     + . .     Faith    .   i - +0 plate armour
rPois    .         Spirit   .   (helmet unavailable)
rElec    .         Reflect  .   r - +0 cloak "Ocoupt" {Int+4} (curse)
rCorr    .         Harm     .   (no gloves)
MR       .....                  (no boots)
Stlth    ..........             (no amulet)
HPRegen  0.22/turn              e - +4 ring of protection
MPRegen  0.14/turn              g - ring of positive energy

@: no status effects
A: permanent stasis, dig shafts and tunnels, four strong arms, antennae 3
a: Dig, Shaft Self, Depart the Abyss, Bend Space, Banish, Renounce Religion


You were on level 7 of the Dungeon.
You worshipped Lugonu.
Lugonu was most pleased with you.
You were near starving.

You visited 1 branch of the dungeon, and saw 7 of its levels.
You visited the Abyss 1 time.

You collected 270 gold pieces.

Inventory:

Hand Weapons
 a - a +1 falchion (weapon)
Armour
 b - a +0 leather armour
 i - a +0 plate armour (worn)
 r - the cursed +0 cloak "Ocoupt" (worn) {Int+4}
   (You found it on level 4 of the Dungeon)

   It affects your intelligence (+4).
   It has a curse placed upon it.
Jewellery
 e - a +4 ring of protection (left hand)
 g - a ring of positive energy (right hand)
 u - an uncursed ring of fire {unknown}
 x - an uncursed ring of stealth {unknown}
Wands
 w - a wand of enslavement (7)
 y - a wand of random effects (20)
Scrolls
 q - 3 scrolls of remove curse
 s - a scroll of immolation
 t - a scroll of enchant weapon {unknown}
 v - a scroll of enchant armour {unknown}
Potions
 d - a potion of stabbing
 f - 2 potions of brilliance
 h - 3 potions of haste
 j - a potion of heal wounds
 k - 3 potions of curing
 l - 3 potions of might
 m - 2 potions of degeneration {unknown}
 n - 3 potions of ambrosia
 o - a potion of invisibility {unknown}
 p - 2 potions of magic {unknown}
Comestibles
 c - 9 rations


   Skills:
 + Level 7.3 Fighting
 * Level 8.9 Long Blades
 - Level 2.1 Armour
 - Level 0.8 Dodging
 + Level 7.4 Invocations


You had 8 spell levels left.
You didn't know any spells.
Your spell library was empty.

Dungeon Overview and Level Annotations

Branches:
Dungeon (7/15)             Temple (0/1) D:5

Altars:
Fedhas
Hepliaklqana
Kikubaaqudgha
Makhleb
Nemelex Xobeh
Okawaru
Qazlal
Sif Muna
Trog
Wu Jian
Xom


Innate Abilities, Weirdness & Mutations

You cannot be hasted, slowed, berserked, paralysed or teleported.
You can dig through walls and to a lower floor.
Your four strong arms can wield two-handed weapons with a shield.
You have a pair of large antennae on your head. (SInv)


Message History

The orc warrior is heavily wounded.
The orc warrior hits you but does no damage.
You slash the orc warrior!
The orc warrior is severely wounded.
The orc warrior hits you with a +0 trident!
* * * LOW HITPOINT WARNING * * *
You hit the orc warrior but do no damage.
The orc warrior is severely wounded.
You closely miss the orc warrior.
The orc warrior is severely wounded.
The orc warrior hits you with a +0 trident!
* * * LOW HITPOINT WARNING * * *
You hit the orc warrior but do no damage.
The orc warrior is severely wounded.
The orc warrior hits you with a +0 trident.
* * * LOW HITPOINT WARNING * * *
You hit the orc warrior.
The orc warrior is almost dead.
The orc warrior hits you with a +0 trident.
You die...

##.≈###≈#
#..≈≈≈≈≈#
##......#
##.......#
##........#
#....<....#
##........#
###.o......#
#@#o..>....#
##o#.......#
###.......#
##...##.#
#.### #.#
### ..


You could see an orc warrior.

Vanquished Creatures
  Grinder (D:3)
  A sky beast (D:7)
  5 centaurs
  4 ogres
  A big kobold (D:7)
  A bullfrog (D:6)
  2 scorpions
  A howler monkey (D:4)
  3 crimson imps
  3 hounds
  3 jellies
  An orc priest (D:3)
  2 bullfrog skeletons
  A centaur skeleton (D:6)
  4 iguanas
  4 worker ants
  2 orc wizards
  11 adders
  3 gnolls (D:4)
  An adder skeleton (D:5)
  2 worms
  A leopard gecko (D:3)
  24 orcs
  7 giant cockroaches
  8 goblins
  5 hobgoblins
  4 jackals
  11 kobolds
  3 quokkas
  2 ball pythons
  7 bats
  5 frilled lizards
  A quokka skeleton (D:5)
  6 rats
140 creatures vanquished.

Notes
Turn   | Place    | Note
-------+----------+-------------------------------------------
     0 | Abyss:1  | kae the Formicid Abyssal Knight began the quest for the
                  | Orb.
     0 | Abyss:1  | Reached XP level 1. HP: 18/18 MP: 2/2
   177 | Abyss:1  | Noticed a thrashing horror
   182 | D:1      | Escaped the Abyss
   606 | D:1      | Reached * piety under Lugonu
   711 | D:1      | Reached XP level 2. HP: 22/24 MP: 3/3
  1351 | D:2      | Reached XP level 3. HP: 7/29 MP: 3/5
  1512 | D:2      | Reached skill level 3 in Long Blades
  1659 | D:2      | Reached XP level 4. HP: 33/37 MP: 6/6
  2227 | D:2      | Reached ** piety under Lugonu
  2731 | D:3      | Reached XP level 5. HP: 40/42 MP: 7/7
  2791 | D:3      | Found an ornate altar of the Wu Jian Council.
  2839 | D:3      | Reached skill level 4 in Long Blades
  3270 | D:3      | Noticed Grinder
  3294 | D:3      | Killed Grinder
  3294 | D:3      | Reached skill level 5 in Long Blades
  3294 | D:3      | Reached XP level 6. HP: 44/50 MP: 7/9
  3564 | D:3      | Reached XP level 7. HP: 54/55 MP: 10/10
  3883 | D:4      | Found a sparkling altar of Nemelex Xobeh.
  4087 | D:4      | Reached skill level 5 in Fighting
  4388 | D:4      | Found a glowing drain.
  4538 | D:4      | Reached skill level 5 in Invocations
  4542 | D:4      | Reached skill level 6 in Long Blades
  4675 | D:4      | Reached *** piety under Lugonu
  4681 | D:4      | Reached XP level 8. HP: 63/63 MP: 11/11
  4816 | D:4      | Got a distressingly furry cloak
  4822 | D:4      | Identified the cursed +0 cloak "Ocoupt" {Int+4} (You found
                  | it on level 4 of the Dungeon)
  4985 | D:5      | Entered Level 5 of the Dungeon
  4985 | D:5      | Noticed a fire elemental
  5036 | D:5      | Noticed an air elemental
  5587 | D:5      | Found a burning altar of Makhleb.
  5774 | D:5      | Found a staircase to the Ecumenical Temple.
  5975 | D:5      | Reached skill level 7 in Long Blades
  6432 | D:5      | Noticed a water elemental
  6433 | D:5      | Found a stormy altar of Qazlal.
  6964 | D:6      | Found a bloodstained altar of Trog.
  6964 | D:6      | Found a blossoming altar of Fedhas.
  7214 | D:6      | Found an iron altar of Okawaru.
  7643 | D:6      | Found a shimmering blue altar of Sif Muna.
  7645 | D:6      | Found an ancient bone altar of Kikubaaqudgha.
  7649 | D:6      | Found a shimmering altar of Xom.
  7661 | D:6      | Found a hazy altar of Hepliaklqana.
  7669 | D:6      | Reached XP level 9. HP: 59/71 MP: 13/13
  8060 | D:6      | Reached skill level 8 in Long Blades
  9839 | D:7      | HP: 2/72 [orc warrior/+0 trident (3)]
  9840 | D:7      | Slain by an orc warrior

Illustrated notes

Levels and vault maps discovered:
D:1:      minmay_arrival_open_corners, layout_basic
D:2:      layout_basic
D:3:      layout_basic, lemuel_round_altar, first_ration, serial_forest,
          infiniplex_forest_straight_3, infiniplex_forest_end_1,
          infiniplex_forest_side_room, infiniplex_forest_lined_1,
          infiniplex_forest_clump_curved, infiniplex_forest_lined_room_2,
          infiniplex_forest_clump_C, uniq_grinder
D:4:      layout_basic, nemelex_xobeh_ov_fountains_minmay, gup_sewer_entry_glass
D:5:      layout_basic, nicolae_qazlal_style_of_elements,
          minmay_temple_entry_arrows, roderic_lattice_a, minivault_5,
          bloody_makhleb
D:6:      layout_layer_cave, grunt_temple_overflow_open,
          okawaru_ov_weapons_minmay
D:7:      layout_cave_pods, serial_shops, shop,
          nicolae_shop_temple_entry_statues_fountains, kennysheep_mini_moat

Skill      XL: |  1  2  3  4  5  6  7  8  9 |
---------------+----------------------------+-----
Long Blades    | 3 5 6 7 8 |  8.9
Invocations    | 3 4 5 6 7 |  7.4
Fighting       | 4 5 6 7 |  7.3
Armour         | |  2.1
Dodging        | |  0.8

Action                   |  1- 3 |  4- 6 |  7- 9 || total
-------------------------+-------+-------+-------++-------
Melee: Falchion          |   116 |   173 |   470 ||   759
Invok: Depart the Abyss  |     1 |       |       ||     1
       Bend Space        |       |       |     4 ||     4
 Abil: Dig               |       |     1 |     3 ||     4
Evoke: Wand              |       |       |     1 ||     1
  Use: Scroll            |     2 |     3 |     8 ||    13
       Potion            |     2 |     1 |       ||     3
  Eat: Chunk             |     3 |     5 |    13 ||    21
       Ration            |       |       |     2 ||     2
Armor: Plate armour      |   109 |   118 |   308 ||   535
       Leather armour    |     2 |       |       ||     2
       Skin              |    32 |    11 |       ||    43
Dodge: Dodged            |    37 |    47 |   104 ||   188
       Rpst.: Falchion   |     5 |    14 |    26 ||    45

Table legend:
 A = Non-vault XP
 B = Vault XP
 C = Vault XP percentage of total XP
 D = Non-vault monster count
 E = Vault monster count
 F = Vault count percentage of total count
                 A         B        C        D         E       F
            +---------+---------+-------+---------+---------+-------
      Total |    2809 |     298 |   9.6 |     135 |       5 |   3.6
            +---------+---------+-------+---------+---------+-------
        D:1 |      20 |       0 |   0.0 |      15 |       0 |   0.0
        D:2 |      84 |       0 |   0.0 |      26 |       0 |   0.0
        D:3 |     152 |     267 |  63.7 |      24 |       1 |   4.0
        D:4 |     563 |      31 |   5.2 |      22 |       4 |  15.4
        D:5 |     615 |       0 |   0.0 |      18 |       0 |   0.0
        D:6 |     700 |       0 |   0.0 |      16 |       0 |   0.0
        D:7 |     675 |       0 |   0.0 |      14 |       0 |   0.0
            +---------+---------+-------+---------+---------+-------
